 Dungeon Crawl Stone Soup version 0.30.1-3-gfc49f6343a (webtiles) character file.

Game seed: 9028556412360639548

79 Wiggles the Chopper (level 4, -4/39 HPs)
             Began as a Minotaur Berserker on Aug 2, 2023.
             Was a Believer of Trog.
             Slain by Sigmund
             ... wielding a +0 heavy scythe
              (21 damage)
             ... on level 2 of the Dungeon.
             The game lasted 00:02:44 (1820 turns).

Wiggles the Chopper (Minotaur Berserker)            Turns: 1820, Time: 00:02:44

Health: -4/39      AC:  7    Str: 23    XL:     4   Next: 16%
Magic:  3/3        EV:  9    Int:  4    God:    Trog [**....]
Gold:   154        SH:  9    Dex: 10    Spells: 3/3 levels left

rFire   . . .        a - +0 hand axe
rCold   . . .        f - +2 kite shield
rNeg    . . .        k - +0 scale mail
rPois   .            (helmet restricted)
rElec   .            h - +0 cloak
rCorr   .            (no gloves)
SInv    .            (no boots)
Will    .....        (no amulet) Stlth
                     (no ring)
HPRegen 0.26/turn    (no ring)
MPRegen 0.08/turn

%: no passive effects
@: no status effects
A: horns 2, retaliatory headbutt
a: Renounce Religion, Berserk, Trog's Hand


You were on level 2 of the Dungeon.
You worshipped Trog.
Trog was pleased with you.
You visited 1 branch of the dungeon, and saw 2 of its levels.

You collected 154 gold pieces.

Inventory:

Hand Weapons
 a - a +0 hand axe (weapon)
Missiles
 d - 2 boomerangs (quivered)
Armour
 f - a +2 kite shield (worn)
 h - a +0 cloak (worn)
 k - a +0 scale mail (worn)
Scrolls
 e - a scroll of poison {unknown}
 j - 2 scrolls of identify {unknown}
Potions
 b - a potion of curing {unknown}
 c - a potion of mutation {unknown}
 g - a potion of might {unknown}
 i - a potion of ambrosia {unknown}


   Skills:
 - Level 3.6 Fighting
 + Level 5.7 Axes
 + Level 0.5 Throwing
 - Level 2.4 Armour
 - Level 2.1 Dodging
 + Level 1.2 Shields


You had 3 spell levels left.
You didn't know any spells.
Your spell library was empty.

Dungeon Overview and Level Annotations

Branches:
Dungeon (2/15)

Altars:

Annotations:
D:2 Sigmund


Innate Abilities, Weirdness & Mutations

You have a pair of horns on your head.
You reflexively headbutt those who attack you in melee.


Message History

You throw a boomerang. The boomerang hits the hobgoblin.
The hobgoblin is severely wounded.
You closely miss the hobgoblin.
The hobgoblin is severely wounded.
You block the hobgoblin's attack.
You hit the hobgoblin.
You kill the hobgoblin!
Trog accepts your kill.
No target in view!
Found a hammer.
A frilled lizard comes into view.
The frilled lizard hisses angrily.
Sigmund the Dreaded comes into view.
He is wielding a +0 heavy scythe.
You miss the frilled lizard.
Your headbutt misses the frilled lizard.
The frilled lizard bites you.
You hit the frilled lizard.
You kill the frilled lizard!
Trog accepts your kill.
Sigmund points at you and mumbles some strange words.
You are confused.
Sigmund casts a spell at you.
You are more confused.
You are too confused!
You're too confused to move!
Sigmund barely misses you.
You bump into the rock wall.
Sigmund casts a spell at you. You resist with some effort.
Sigmund casts a spell at you. The magic dart hits you.
You see here a frilled lizard corpse.
You bump into the rock wall.
Sigmund hits you with a +0 heavy scythe.
You bump into the rock wall.
Sigmund hits you from afar with a +0 heavy scythe!
You feel less confused.
You fail to use your ability.
Sigmund hits you with a +0 heavy scythe!!
Ouch! That really hurt!
You die...

##############
#..$.@@.......
#.....#######.
#.....# ##.....#
♣♣.#......#
♣.........#
..........######
♣).#......†....#
♣♣♣###########.#


You could see Sigmund.

Vanquished Creatures
  2 adders (D:2)
  3 worms (D:2)
  5 bats
  4 endoplasms
  3 giant cockroaches
  7 goblins (D:1)
  3 hobgoblins (D:2)
  3 jackals (D:1)
  5 quokkas
  7 ball pythons
  3 frilled lizards
  2 rats (D:1)
47 creatures vanquished.

Notes
Turn   | Place    | Note
-------+----------+-------------------------------------------
     0 | D:1      | Wiggles the Minotaur Berserker began the quest for the Orb.
     0 | D:1      | Reached XP level 1. HP: 19/19 MP: 0/0
    46 | D:1      | Reached skill level 4 in Axes
   120 | D:1      | Reached XP level 2. HP: 26/26 MP: 1/1
   216 | D:1      | Found a faded altar of an unknown god.
   638 | D:1      | Reached skill level 5 in Axes
   762 | D:1      | Reached XP level 3. HP: 31/31 MP: 2/2
   767 | D:1      | Reached ** piety under Trog
  1543 | D:2      | Reached skill level 1 in Shields
  1543 | D:2      | Reached XP level 4. HP: 35/39 MP: 3/3
  1804 | D:2      | Noticed Sigmund
  1820 | D:2      | Slain by Sigmund

Illustrated notes

Levels and vault maps discovered:
D:1:      heliophobic_arrival_battle_scene, layout_loops_ring,
          nicolae_ecumenical_snake_handling, minmay_quantized
D:2:      layout_basic, minmay_hexomino_u4, uniq_crazy_yiuf_cottage,
          uniq_sigmund

Skill      XL: |  1  2  3 |
---------------+----------+-----
Axes           | 4 5 |  5.7
Shields        | 1 |  1.2
Fighting       | |  3.6
Throwing       | |  0.5
Armour         | |  2.4
Dodging        | |  2.1

Action                     |  1- 3 |  4- 6 || total
---------------------------+-------+-------++-------
  Melee: Hand axe          |    75 |     5 ||    80
         Headbutt          |    13 |       ||    13
  Throw: Boomerang         |     4 |     2 ||     6
 Armour: Leather armour    |     6 |       ||     6
         Ring mail         |    14 |       ||    14
         Scale mail        |     2 |       ||     2
  Dodge: Dodged            |    31 |     1 ||    32
  Block: Kite shield       |    20 |     2 ||    22
